 Dungeon Crawl Stone Soup version 0.23-a0-650-ga4d50d4 (webtiles) character file.

265510 Lanoc the Brawler (level 19, -1/192 HPs)
             Began as a Troll Monk on Jan 2, 2019.
             Was the Champion of Qazlal.
             Slain by Mennas
             ... wielding a +4 eudemon blade of holy wrath
              (4 damage)
             ... on level 2 of the Vaults on Jan 3, 2019.
             The game lasted 01:58:27 (29684 turns).

Lanoc the Brawler (Troll Monk)                     Turns: 29684, Time: 01:58:29

Health: -1/192     AC: 31    Str: 28    XL:     19   Next: 30%
Magic:  24/24      EV:  4    Int:  4    God:    Qazlal [******]
Gold:   2201       SH: 35    Dex: 13    Spells: 18/18 levels left

rFire    + . .     SeeInvis .     - Unarmed
rCold    + . .     Gourm    +   x - +6 large shield of the Centipede {rPois MR+ Dex-2}
rNeg     . . .     Faith    .   G - +6 gold dragon scales of Grace {rPois rF+ rC+ rCorr Str-4 Int+3 Dex+3}
rPois    +         Spirit   .   h - +2 hat
rElec    +         Reflect  +   N - +1 cloak {MR+}
rCorr    +         Harm     .   (gloves unavailable)
MR       +++++                  (boots unavailable)
Stlth    ..........             j - +4 amulet of reflection
HPRegen  0.82/turn              P - ring of Leuny {Ice MR+ Str+2}
MPRegen  0.19/turn              A - ring "Bemaurix" {Fire *Contam rElec MR+++ Int-5}

@: protected from physical damage, berserk cooldown, slowed, glowing, very
heavily drained, repel missiles, very slow
A: large, unfitting armour, claws 3, fast metabolism 3, gourmand, regeneration
1, shaggy fur 1, tough skin 2
}: 2/15 runes: decaying, gossamer
a: Upheaval, Elemental Force, Disaster Area, Renounce Religion


You were on level 2 of the Vaults.
You worshipped Qazlal.
Qazlal was exalted by your worship.
You were very full.

You visited 7 branches of the dungeon, and saw 34 of its levels.
You also visited: Bailey, Gauntlet and Desolation.

You collected 3165 gold pieces.
You spent 964 gold pieces at shops.

Inventory:

Missiles
 f - 5 large rocks (quivered)
Armour
 h - a +2 hat (worn)
 x - the +6 large shield of the Centipede (worn) {rPois MR+ Dex-2}
   (You acquired it on level 8 of the Dungeon)

   It affects your dexterity (-2).
   It protects you from poison.
   It affects your resistance to hostile enchantments.
 G - the +6 gold dragon scales of Grace (worn) {rPois rF+ rC+ rCorr Str-4 Int+3 Dex+3}
   (You acquired it in a bailey)

   It affects your strength (-4).
   It affects your intelligence (+3).
   It affects your dexterity (+3).
   It protects you from fire.
   It protects you from cold.
   It protects you from poison.
   It provides partial protection from all sources of acid and corrosion.
 N - a +1 cloak of magic resistance (worn)
Jewellery
 j - a +4 amulet of reflection (around neck)
 A - the ring "Bemaurix" (right claw) {Fire *Contam rElec MR+++ Int-5}
   (You acquired it on level 8 of the Dungeon)

   [ring of fire]

   It enhances your fire magic.
   It affects your intelligence (-5).
   It protects you from fire.
   It makes you vulnerable to cold.
   It insulates you from electricity.
   It affects your resistance to hostile enchantments.
   It causes magical contamination when unequipped.
 P - the ring of Leuny (left claw) {Ice MR+ Str+2}
   (You acquired it on level 2 of the Orcish Mines)

   [ring of ice]

   It enhances your ice magic.
   It affects your strength (+2).
   It makes you vulnerable to fire.
   It protects you from cold.
   It affects your resistance to hostile enchantments.
 T - an uncursed ring of protection from cold
 Z - an uncursed ring of see invisible
Wands
 n - a wand of scattershot (22)
 u - a wand of acid (15)
 w - a wand of iceblast (35)
 C - a wand of digging (12)
 I - a wand of paralysis (14)
 J - a wand of disintegration (17)
 L - a wand of enslavement (24)
 Q - a wand of clouds (4)
 X - a wand of flame (40)
Scrolls
 d - 8 scrolls of identify
 g - 3 scrolls of enchant armour
 i - 6 scrolls of fog
 k - 4 scrolls of magic mapping
 l - 12 scrolls of remove curse
 m - 17 scrolls of teleportation
 q - 4 scrolls of enchant weapon
 s - 7 scrolls of fear
 v - a scroll of immolation
 y - 5 scrolls of amnesia
 E - 2 scrolls of blinking
 H - 3 scrolls of holy word
 W - 3 scrolls of silence
Potions
 a - 9 potions of curing
 e - a potion of berserk rage
 o - 6 potions of mutation
 p - 3 potions of cancellation
 r - 2 potions of brilliance
 t - a potion of flight
 z - 3 potions of heal wounds
 B - 4 potions of agility
 F - 8 potions of might
 K - 4 potions of haste
 M - 3 potions of resistance
 R - 4 potions of ambrosia
 U - a potion of invisibility
 V - 3 potions of magic
Miscellaneous
 c - a phial of floods
 S - a lightning rod (4/4)
Comestibles
 b - 67 rations
 D - 32 chunks of flesh


   Skills:
 + Level 12.9(8.7) Fighting
 + Level 10.7(6.7) Armour
 + Level 12.9(8.6) Dodging
 - Level 1.0(0.0) Stealth
 + Level 11.0(7.0) Shields
 * Level 20.0(15.1) Unarmed Combat
 + Level 8.4(4.6) Invocations


You had 18 spell levels left.
You didn't know any spells.
Your spell library contained the following spells:

 Spells                   Type           Power        Failure   Level  Hunger
 Beastly Appendage        Tmut           #.....       100%        1    ##.....
 Confusing Touch          Hex            #.....       100%        1    ##.....
 Freeze                   Ice            #...         100%        1    ##.....
 Magic Dart               Conj           #...         100%        1    ##.....
 Blink                    Tloc           N/A          100%        2    ###....
 Call Imp                 Summ           #.......     100%        2    ###....
 Searing Ray              Conj           #.....       100%        2    ###....
 Slow                     Hex            #.......     100%        2    ###....
 Sticks to Snakes         Tmut           #.......     100%        2    ###....
 Throw Frost              Conj/Ice       #.....       100%        2    ###....
 Confuse                  Hex            #.......     100%        3    ####...
 Conjure Flame            Conj/Fire      #.......     100%        3    ####...
 Dazzling Spray           Conj/Hex       #.....       100%        3    ####...
 Gell's Gravitas          Tloc           #.........   100%        3    ####...
 Mephitic Cloud           Conj/Pois/Air  #.......     100%        3    ####...
 Ozocubu's Armour         Chrm/Ice       #.......     100%        3    ####...
 Spider Form              Tmut/Pois      #.........   100%        3    ####...
 Force Lance              Conj/Tloc      #.......     100%        4    #####..
 Fulminant Prism          Conj/Hex       #.........   100%        4    #####..
 Ice Form                 Ice/Tmut       #.......     100%        4    #####..
 Iskenderun's Mystic Bla  Conj           #.......     100%        4    #####..
 Petrify                  Tmut/Erth      #.......     100%        4    #####..
 Summon Ice Beast         Ice/Summ       #.......     100%        4    #####..
 Throw Icicle             Conj/Ice       #.......     100%        4    #####..
 Bolt of Magma            Conj/Fire/Erth #.........   100%        5    ######.
 Iskenderun's Battlesphe  Conj/Chrm      #.......     100%        5    ######.
 Metabolic Englaciation   Hex/Ice        #.........   100%        5    ######.
 Venom Bolt               Conj/Pois      #.........   100%        5    ######.
 Yara's Violent Unravell  Hex/Tmut       #.........   100%        5    ######.
 Bolt of Cold             Conj/Ice       #.........   100%        6    #######
 Freezing Cloud           Conj/Ice/Air   #.........   100%        6    #######
 Iron Shot                Conj/Erth      #.........   100%        6    #######
 Ozocubu's Refrigeration  Ice            #.........   100%        6    #######
 Simulacrum               Ice/Necr       #.........   100%        6    #######
 Statue Form              Tmut/Erth      #........    100%        6    #######
 Orb of Destruction       Conj           #.........   100%        7    #######
 Spellforged Servitor     Conj/Summ      #.........   100%        7    #######


Dungeon Overview and Level Annotations

Branches:
Dungeon (15/15)            Temple (1/1) D:6            Lair (6/6) D:8
  Swamp (4/4) Lair:3       Spider (4/4) Lair:4        Slime (0/5) Lair:6
    Orc (2/2) D:12            Elf (0/3) Orc:2        Vaults (2/5) D:14
 Depths (0/5) D:15
  Crypt: Vaults:2-3

Altars:
Ashenzari
Cheibriados
Dithmenos
Elyvilon
Fedhas
Gozag
Hepliaklqana
Kikubaaqudgha
Makhleb
Nemelex Xobeh
Qazlal
Ru
Sif Muna
Trog
Uskayaw
Yredelemnul
Zin
Jiyva

Shops:
Orc:2 :*}*((:

Portals:
Trove: D:15 (give 7 potions of haste)

Annotations:
D:15 trove - 7 potions of haste
Vaults:2 Mennas


Innate Abilities, Weirdness & Mutations

You are too large for most types of armour.
You have claws for hands.
Your metabolism is lightning-fast.
You like to eat raw meat.
Your natural rate of healing is unusually fast.
You are covered in fur. (AC +1)
You have very tough skin. (AC +2)


Message History

Mennas completely resists.
You block the saltling's attack.
You scratch Mennas but do no damage.
Mennas is heavily wounded.
Mennas hits you but does no damage. You block Mennas's attack.
Mennas blocks your attack.
Mennas is heavily wounded.
You block the saltling's attack. You block the halazid warlock's attack.
Mennas blocks your attack.
Mennas is heavily wounded.
You hear a horrible gurgling sound!
Mennas gestures frantically.
You resist with almost no effort.
You hear a horrible gurgling sound!
Mennas blocks your attack.
Mennas is heavily wounded.
You are no longer berserk.
You are exhausted.
You feel yourself slow down. You block the saltling's attack.
Mennas hits you with a +4 eudemon blade of holy wrath.
You die...

,,,,,,,,,*,,,,,,,,#......#
,,,,,,,,,*,,,,,,,,#......#
,,,,,,,,,*,,,,,,,,#......#
,,,,,,,,,*,,,,,,,,#......#
,,,,,,,,,*,,,,,,,,#......#
,,,,,,,,,*,,,,,,,,#......#
,,,,,,,,,*,,,,,,,,#......#
,,,,,,,,,##########......#
,,,,,,,,,....)cL@A.......#
******,,,...###8#+###....#
,,,,,*,,,,,,*...,,,,#....#
,,,,,*,,,,,,#...,,,,#....#
,,,,,*,,,,,,#..≈≈≈,,#....#
,,,,,*......#..≈≈≈,,#....#
,,,,,*......#..≈≈≈,,#....#
#+####......#...,,,,*....#
............#,,,,,,,*....#


You could see Mennas, a halazid warlock, a yaktaur and a saltling.

Vanquished Creatures
  Rupert (Lair:6)
  Gastronok (D:8)
  The ghost of Vuydghur the Devastator, an adept DrCj of Ashenzari (Lair:4)
  Roxanne (D:15)
  3 thorn hunters
  6 emperor scorpions
  An orc warlord (Orc:1)
  4 ghost moths
  2 vault wardens (Vaults:1)
  A stone giant (Vaults:2)
  6 entropy weavers
  A minotaur (Gauntlet)
  The ghost of Acyxumon the Cleaver, a journeyman DDFi of Makhleb (D:15)
  2 spark wasps (Spider:4)
  A great orb of eyes (Vaults:1)
  2 fire dragons
  Josephine (Spider:1)
  7 ogre magi
  Fannar (D:12)
  A servant of whispers (Desolation)
  A ragged hierophant (Desolation)
  2 ice dragons
  13 vault guards
  A yaktaur captain (Vaults:1)
  A catoblepas (Lair:6)
  Erolcha (D:10)
  24 hydras
  4 shambling mangroves
  The ghost of Alabaster the Spear-Bearer, a journeyman MfSk of Hepliaklqana (Lair:1)
  29 two-headed ogres
  Erica (Lair:2)
  18 alligators
  9 death scarabs
  Urug (Lair:6)
  4 death yaks (Lair:5)
  An orc high priest (Bailey)
  7 spriggans
  A shadow wraith (Vaults:1)
  5 skeletal warriors (D:15)
  An unseen horror (D:10)
  4 spriggan druids
  13 swamp dragons
  3 wizards
  3 spectral wolf spiders (Spider:4)
  A glowing orange brain (Vaults:1)
  2 lindwurms (Lair:6)
  4 ironbrand convokers
  2 deep elf magi (D:15)
  A necromancer (D:15)
  A deep elf archer (Vaults:1)
  13 ugly things
  4 orc sorcerers
  3 wolf spider zombies (Spider:4)
  38 wolf spiders
  12 slime creatures
  12 orb spiders
  A cyclops (Orc:2)
  4 manticores
  A shining eye (Gauntlet)
  7 elephants
  A moth of wrath (Spider:4)
  Maurice (D:12)
  7 black mambas
  2 naga magi (D:15)
  Joseph (D:8)
  3 vault sentinels
  2 gargoyles
  5 rime drakes
  13 spiny frogs
  A spectral redback (Spider:4)
  6 kobold demonologists
  2 torpor snails
  2 freezing wraiths
  6 yaktaurs
  A redback zombie (Spider:4)
  14 demonic crawlers
  A tengu conjurer (D:14)
  7 komodo dragons
  A meliai (shapeshifter) (Vaults:2)
  7 trolls
  A polar bear (Lair:4)
  21 hornets
  A queen bee (Spider:4)
  44 jumping spiders
  A jumping spider (shapeshifter) (Vaults:1)
  3 meliai (Spider:4)
  11 tyrant leeches
  5 saltlings
  A slime creature (shapeshifter) (Vaults:2)
  2 spectral tarantellas (Spider:4)
  Grinder (D:6)
  A tarantella zombie (Spider:4)
  2 meliai zombies (D:15)
  10 bog bodies
  13 hippogriffs
  A jumping spider zombie (Spider:4)
  3 spectral jumping spiders (Spider:4)
  A shadow (D:15)
  96 redbacks
  5 wraiths
  45 yaks
  40 tarantellas
  2 wyverns
  A hog (D:13)
  6 basilisks
  3 hungry ghosts
  A spectral komodo dragon (Gauntlet)
  A golden eye (Gauntlet)
  A yak (shapeshifter) (Vaults:1)
  A human (D:13)
  2 steam dragons (Lair:6)
  A warg (Orc:2)
  15 insubstantial wisps
  23 vampire mosquitoes
  17 swamp worms
  2 acid dragons
  A soldier ant (D:11)
  19 water moccasins
  10 swamp drakes
  12 porcupines
  A black bear (shapeshifter) (D:15)
  3 spectral hornets (Spider:4)
  23 orc warriors
  An ice beast (shapeshifter) (D:14)
  5 sky beasts
  2 black bears
  3 ice beasts
  3 hornet zombies
  4 phantoms
  36 ogres
  10 centaurs
  12 crocodiles
  3 big kobolds
  24 bullfrogs
  A gnoll sergeant (D:8)
  2 wyvern zombies
  A wyvern skeleton (D:15)
  4 scorpions
  A water moccasin skeleton (D:10)
  24 killer bees
  A human simulacrum (Vaults:1)
  7 wights
  6 electric eels
  4 howler monkeys
  8 crimson imps
  5 centaur zombies
  A quasit (D:14)
  2 bullfrog zombies
  7 jellies
  7 centaur skeletons
  16 orc priests
  A gnoll shaman (D:4)
  4 hounds
  16 orc wizards
  A bullfrog skeleton (D:11)
  Natasha (thrice) (D:4)
  8 iguanas
  6 hell rats (Lair:6)
  12 worker ants
  2 killer bee zombies
  2 hound zombies
  4 hound skeletons
  2 worker ant zombies
  18 gnolls
  15 adders
  3 shadow imps
  An ooze (D:1)
  2 adder zombies (D:5)
  A worm (D:2)
  2 adder skeletons (D:4)
  A dart slug (D:1)
  8 leopard geckos
  63 orcs
  5 giant cockroaches
  14 goblins
  14 hobgoblins
  2 jackals (D:6)
  9 quokkas
  4 ball pythons
  6 bats
  2 frilled lizards
  10 kobolds
  2 leopard gecko skeletons (D:4)
  A quokka skeleton (D:9)
  7 rats
  2 fungi
  A plant (Lair:3)
1288 creatures vanquished.

Vanquished Creatures (others)
  A ragged hierophant (Vaults:2)
  A yaktaur captain (Vaults:1)
  A centaur warrior (D:13)
  An alligator (Swamp:2)
  A guardian serpent (Desolation)
  5 yaktaurs (Vaults:2)
  A saltling (Vaults:2)
  An orc warrior (D:8)
  6 centaurs
  A goblin (Bailey)
  A hobgoblin (Bailey)
  15 fungi
  14 plants
49 creatures vanquished.

Grand Total: 1337 creatures vanquished

Notes
Turn   | Place    | Note
-------+----------+-------------------------------------------
     0 | D:1      | Lanoc the Troll Monk began the quest for the Orb.
     0 | D:1      | Reached XP level 1. HP: 22/22 MP: 0/0
    96 | D:1      | Reached XP level 2. HP: 29/29 MP: 1/1
   335 | D:1      | Reached XP level 3. HP: 36/36 MP: 2/2
   851 | D:2      | Found a hazy altar of Hepliaklqana.
   929 | D:2      | Found a deep blue altar of Sif Muna.
   932 | D:2      | Reached skill level 4 in Unarmed Combat
   966 | D:2      | Found a snail-covered altar of Cheibriados.
   970 | D:2      | Reached XP level 4. HP: 44/44 MP: 3/3
  1411 | D:3      | Found a sacrificial altar of Ru.
  1588 | D:4      | Reached XP level 5. HP: 53/53 MP: 4/4
  1608 | D:4      | Noticed Natasha
  1623 | D:4      | Killed Natasha
  1631 | D:4      | Reached skill level 5 in Unarmed Combat
  1635 | D:4      | Reached XP level 6. HP: 61/61 MP: 5/5
  1640 | D:4      | Identified the +2 robe of the Carpenter {rN+ Int-2 Slay+5}
  1745 | D:4      | Noticed Natasha
  1752 | D:4      | Killed Natasha
  1769 | D:4      | Reached skill level 6 in Unarmed Combat
  1854 | D:4      | Reached XP level 7. HP: 68/68 MP: 6/6
  1976 | D:4      | Noticed Natasha
  1982 | D:4      | Killed Natasha
  2045 | D:4      | Found a hide-covered altar of Uskayaw.
  2068 | D:4      | Found a stormy altar of Qazlal.
  2076 | D:4      | Became a worshipper of Qazlal Stormbringer
  2076 | D:4      | Reached * piety under Qazlal
  2076 | D:4      | Reached ** piety under Qazlal
  2127 | D:5      | Entered Level 5 of the Dungeon
  2285 | D:5      | Found an ancient bone altar of Kikubaaqudgha.
  2359 | D:5      | Reached skill level 7 in Unarmed Combat
  2393 | D:5      | Found a shadowy altar of Dithmenos.
  2423 | D:5      | Reached XP level 8. HP: 43/79 MP: 7/7
  2534 | D:5      | Found a sparkling altar of Nemelex Xobeh.
  3072 | D:6      | Noticed Grinder
  3072 | D:6      | Paralysed by Grinder for 6 turns
  3081 | D:6      | Killed Grinder
  3081 | D:6      | Reached skill level 5 in Fighting
  3081 | D:6      | Reached skill level 5 in Dodging
  3081 | D:6      | Reached skill level 8 in Unarmed Combat
  3089 | D:6      | Reached *** piety under Qazlal
  3208 | D:6      | Found an opulent altar of Gozag.
  3274 | D:6      | Found a staircase to the Ecumenical Temple.
  3284 | Temple   | Entered the Ecumenical Temple
  3537 | D:6      | Reached XP level 9. HP: 79/88 MP: 8/8
  3542 | D:6      | Reached skill level 9 in Unarmed Combat
  3637 | D:6      | Found a blossoming altar of Fedhas.
  3864 | D:7      | Reached **** piety under Qazlal
  4429 | D:8      | Noticed Gastronok
  4435 | D:8      | Killed Gastronok
  4435 | D:8      | Reached skill level 10 in Unarmed Combat
  4435 | D:8      | Reached XP level 10. HP: 99/100 MP: 9/9
  4452 | D:8      | Found a burning altar of Makhleb.
  4507 | D:8      | Noticed Joseph
  4514 | D:8      | Killed Joseph
  4514 | D:8      | Reached skill level 11 in Unarmed Combat
  4935 | D:7      | Identified 2 scrolls of acquirement
  4973 | D:8      | Got a wavering silver ring
  4974 | D:8      | Lost intelligence.
  4974 | D:8      | Identified the ring "Bemaurix" {Fire *Contam rElec MR+++
                  | Int-5} (You acquired it on level 8 of the Dungeon)
  4980 | D:8      | Got a pitted large shield
  4986 | D:8      | Identified the +6 large shield of the Centipede {rPois MR+
                  | Dex-2} (You acquired it on level 8 of the Dungeon)
  5024 | D:8      | Found a staircase to the Lair.
  5158 | D:8      | Found a white marble altar of Elyvilon.
  5287 | D:9      | Reached ***** piety under Qazlal
  5289 | D:9      | Reached skill level 1 in Shields
  5367 | D:9      | Found a bloodstained altar of Trog.
  5412 | D:9      | Noticed a six-headed hydra
  5443 | D:9      | Found a flagged portal.
  5451 | Bailey   | Entered a bailey
  5483 | Bailey   | Reached skill level 12 in Unarmed Combat
  5493 | Bailey   | Noticed an orc high priest
  5498 | Bailey   | Noticed a rust devil
  5514 | Bailey   | Killed an orc high priest
  5514 | Bailey   | Reached XP level 11. HP: 68/109 MP: 10/10
  5543 | Bailey   | Found an iron altar of Okawaru.
  5547 | Bailey   | Identified the cursed +0 steam dragon scales of the Spheres
                  | {rF- MR+ Str+8 Dex-5}
  5969 | Bailey   | Got bloodstained gold dragon scales
  5980 | Bailey   | Identified the +6 gold dragon scales of Grace {rPois rF+
                  | rC+ rCorr Str-4 Int+3 Dex+3} (You acquired it in a bailey)
  6060 | D:9      | Found a bloodstained altar of Trog.
  6078 | D:9      | Killed a six-headed hydra
  6851 | D:10     | Entered Level 10 of the Dungeon
  6940 | D:10     | Noticed Erolcha
  6958 | D:10     | Killed Erolcha
  6958 | D:10     | Reached skill level 1 in Armour
  7057 | D:10     | Noticed a two-headed ogre
  7064 | D:10     | Killed a two-headed ogre
  7300 | D:10     | Found an ancient bone altar of Kikubaaqudgha.
  7355 | D:10     | Killed an unseen horror
  7355 | D:10     | Reached skill level 13 in Unarmed Combat
  7602 | D:11     | Noticed a two-headed ogre
  7614 | D:11     | Killed a two-headed ogre
  7736 | D:11     | Reached XP level 12. HP: 120/120 MP: 11/11
  8168 | D:11     | Reached ****** piety under Qazlal
  8396 | D:12     | Noticed a two-headed ogre
  8402 | D:12     | Killed a two-headed ogre
  8418 | D:12     | Noticed Fannar
  8432 | D:12     | Noticed Maurice
  8442 | D:12     | Killed Fannar
  8484 | D:12     | Killed Maurice
  8595 | D:12     | Found a staircase to the Orcish Mines.
  8618 | D:12     | Reached skill level 14 in Unarmed Combat
  9029 | Orc:1    | Entered Level 1 of the Orcish Mines
  9112 | D:13     | Reached skill level 5 in Shields
  9340 | D:13     | Noticed a centaur warrior
  9340 | D:13     | Noticed a six-headed hydra
  9369 | D:13     | Killed a centaur warrior
  9377 | D:13     | Killed a six-headed hydra
  9661 | D:13     | Reached XP level 13. HP: 131/131 MP: 12/12
  9999 | D:14     | Reached skill level 5 in Armour
 10020 | D:14     | Found a gate to the Vaults.
 10330 | D:14     | Reached skill level 15 in Unarmed Combat
 10442 | D:14     | Found a shattered altar of Ashenzari.
 10846 | D:15     | Entered Level 15 of the Dungeon
 10851 | D:15     | Found a large runed door.
 10851 | D:15     | Found a large runed door.
 10853 | D:15     | Noticed Acyxumon's ghost (journeyman DDFi)
 10872 | D:15     | Found a gate leading to a gauntlet.
 11013 | Gauntlet | Entered a Gauntlet
 11013 | Gauntlet | Found a transporter.
 11022 | Gauntlet | Found a transporter.
 11038 | Gauntlet | Found a transporter.
 11040 | Gauntlet | Found a transporter.
 11045 | Gauntlet | Found a runed door.
 11045 | Gauntlet | Found a runed door.
 11049 | Gauntlet | Found a transporter.
 11065 | Gauntlet | Found a transporter.
 11075 | Gauntlet | Found a transporter.
 11077 | Gauntlet | Found the +2 pair of boots of the Assassin {Detection Stab+
                  | Stlth++}
 11078 | Gauntlet | Found the +4 robe of Augmentation {Str+4 Int+4 Dex+4}
 11085 | Gauntlet | Found a transporter.
 11090 | Gauntlet | Found a transporter.
 11104 | Gauntlet | Found a transporter.
 11119 | Gauntlet | Found a transporter.
 11126 | Gauntlet | Found a transporter.
 11176 | Gauntlet | Found a transporter.
 11231 | Gauntlet | Found a transporter.
 11383 | Gauntlet | Identified the +9 battleaxe "Soyfuu" {chop, rC+}
 11383 | Gauntlet | Identified the +6 shortbow of Liedoh {velocity, *Drain MR+
                  | Str+5 Stlth+}
 11383 | Gauntlet | Noticed a minotaur
 11397 | Gauntlet | Killed a minotaur
 11501 | D:15     | Reached XP level 14. HP: 134/141 MP: 13/13
 11522 | D:15     | Killed Acyxumon's ghost
 11845 | D:15     | Reached skill level 10 in Fighting
 11874 | D:15     | Reached skill level 10 in Dodging
 11888 | D:15     | Identified Roxanne's Almanac of Changing
 11888 | D:15     | Noticed Roxanne
 11921 | D:15     | Killed Roxanne
 12035 | D:15     | Found a staircase to the Depths.
 12363 | D:15     | Found a portal to a secret trove of treasure.
 12703 | Orc:1    | Noticed an orc warlord
 12724 | Orc:1    | Killed an orc warlord
 13049 | Orc:2    | Entered Level 2 of the Orcish Mines
 13049 | Orc:2    | Found Xavviun's Gadget Emporium.
 13053 | Orc:2    | Reached skill level 16 in Unarmed Combat
 13511 | Orc:2    | Found Isakedug's Assorted Antiques.
 13584 | Orc:2    | Bought a fuming inky potion for 28 gold pieces
 13587 | Orc:2    | Found a staircase to the Elven Halls.
 13656 | Orc:2    | Found Nymaepru's Assorted Antiques.
 13656 | Orc:2    | Found Losuf's Weapon Shoppe.
 13657 | Orc:2    | Found Awunkop's Antique Weapon Shoppe.
 13657 | Orc:2    | Found Kok Ifukk's Book Boutique.
 13668 | Orc:2    | Bought a scroll of acquirement for 936 gold pieces
 13672 | Orc:2    | Identified the ring of Leuny {Ice MR+ Str+2} (You acquired
                  | it on level 2 of the Orcish Mines)
 13846 | Orc:2    | Found Wumaph's Book Emporium.
 14071 | Lair:1   | Entered Level 1 of the Lair of Beasts
 14073 | Lair:1   | Reached XP level 15. HP: 152/152 MP: 14/14
 14189 | Lair:1   | Found a runed gate.
 14189 | Lair:1   | Found a runed gate.
 14191 | Lair:1   | Found a runed gate.
 14200 | Lair:1   | Noticed Alabaster's ghost (journeyman MfSk)
 14601 | Lair:1   | Killed Alabaster's ghost
 14640 | Lair:1   | Got a jewelled long sword
 14641 | Lair:1   | Identified the +4 long sword of Zag Dutseuc {slice, MR-
                  | Dex+4 SInv Stlth+} (You found it on level 1 of the Lair of
                  | Beasts)
 14677 | Lair:2   | Noticed Erica
 14688 | Lair:2   | Killed Erica
 14777 | Lair:2   | Found an ancient bone altar of Kikubaaqudgha.
 15248 | Lair:3   | You fall through a shaft for 3 floors!
 15248 | Lair:6   | Entered Level 6 of the Lair of Beasts
 15289 | Lair:6   | Noticed Rupert
 15310 | Lair:6   | Killed Rupert
 15676 | Lair:6   | Found a viscous altar of Jiyva.
 15676 | Lair:6   | Found a staircase to the Slime Pits.
 15742 | Lair:6   | Noticed Urug
 15757 | Lair:6   | Killed Urug
 15768 | Lair:6   | Reached skill level 17 in Unarmed Combat
 15862 | Lair:6   | Reached skill level 1 in Invocations
 17423 | Lair:4   | Noticed Vuydghur's ghost (adept DrCj)
 17435 | Lair:4   | Found a transporter.
 17444 | Lair:4   | Found a transporter.
 17498 | Lair:4   | Reached XP level 16. HP: 92/162 MP: 17/17
 17505 | Lair:4   | Killed Vuydghur's ghost
 17600 | Lair:4   | Found a hole to the Spider Nest.
 18293 | Lair:3   | Found a staircase to the Swamp.
 18993 | Spider:1 | Entered Level 1 of the Spider Nest
 19575 | Spider:1 | Noticed Josephine
 19586 | Spider:1 | Killed Josephine
 19652 | Spider:1 | Got a steaming robe
 19722 | Spider:1 | Identified the +1 robe "Houlesai" {rC- rCorr Dex+5 SInv}
                  | (You found it on level 1 of the Spider Nest)
 20414 | Spider:2 | Reached skill level 18 in Unarmed Combat
 21748 | Spider:3 | Reached skill level 5 in Invocations
 21752 | Spider:3 | Reached XP level 17. HP: 156/172 MP: 19/19
 22268 | Spider:4 | Entered Level 4 of the Spider Nest
 23490 | Spider:4 | Reached skill level 10 in Shields
 23747 | Spider:4 | Got a gossamer rune of Zot
 24056 | Swamp:1  | Entered Level 1 of the Swamp
 24189 | Lair:3   | Reached skill level 19 in Unarmed Combat
 24436 | Swamp:1  | Reached XP level 18. HP: 182/182 MP: 21/21
 25751 | Swamp:3  | Reached skill level 10 in Armour
 26614 | Swamp:4  | Entered Level 4 of the Swamp
 27575 | Swamp:4  | Got a decaying rune of Zot
 28348 | Vaults:1 | Entered Level 1 of the Vaults
 28969 | Vaults:1 | Reached XP level 19. HP: 192/192 MP: 24/24
 29342 | Vaults:2 | Found a ruined gateway.
 29355 | Desolati | Entered the Desolation of Salt
 29426 | Vaults:2 | Reached skill level 20 in Unarmed Combat
 29625 | Vaults:2 | Noticed Mennas
 29680 | Vaults:2 | HP: 12/288 [Mennas/+4 eudemon blade of holy wrath (17)]
 29680 | Vaults:2 | HP: 3/288 [halazid warlock/bolt of negative energy (9)]
 29684 | Vaults:2 | Slain by Mennas

Vault maps used:
D:1:      wander_arrival_chamber, serial_forest, infiniplex_forest_diagonal,
          infiniplex_forest_straight_4, infiniplex_forest_corner_1,
          infiniplex_forest_clump_small, infiniplex_forest_side_room,
          hangedman_decor_opposing, minmay_misc_feat_secret_circle, minivault_27
D:2:      lemuel_round_altar, cheibriados_altar_1, overflow_temple_1_default
D:3:      nicolae_ru_great_annihilating_truth
D:4:      lemuel_doored_altar, grunt_qazlal_clouds, uniq_natasha
D:5:      nemelex_xobeh_ov_fountains_minmay,
          nicolae_dithmenos_through_a_glass_darkly, old_standard_altar,
          first_ration
D:6:      nicolae_overflow_crystal_walls, minmay_temple_entry_trees,
          basic_altar, uniq_grinder
D:8:      kennysheep_mini, makhleb_heckhound_becter,
          due_lair_maze_entry_diamond, uniq_gastronok, uniq_joseph
D:9:      lightli_temple_of_fire, enter_bailey_2, trog_three_pillars_becter
D:10:     basic_altar, uniq_erolcha
D:12:     orc_0_dummy, uniq_maurice, uniq_fannar
D:13:     grunt_livestock
D:14:     erik_vaults_2, basic_altar, kennysheep_boxes
D:15:     grunt_enter_depths_magical_seal, trove_entry_hex_spiral,
          gauntlet_entry_generic, minmay_tree_intersection,
          ebering_ghost_disaster_area, uniq_roxanne
Temple:   compressed_dpeg_circular_temple
Lair:1:   gammafunk_ghost_hydra_chop, columned_hall_lemuel,
          chequers_serial_rivers_small_3, wad_woods_river_04,
          nicolae_quartered_pool_little
Lair:2:   basic_altar, minivault_23, infiniplex_staircase_pool, uniq_erica
Lair:3:   minmay_swamp_entry_worms, st_stairs_11
Lair:4:   spider_nest_entry_a, gammafunk_ghost_arena
Lair:5:   grunt_megastairs_3
Lair:6:   guppyfry_lair_end_dragon, hangedman_lair_in_review,
          dpeg_slime_entry_enclosed_altar, uniq_urug, uniq_rupert
Swamp:1:  evilmike_swamp_ruin_house_2
Swamp:2:  serial_swamp_ruin, hangedman_swamp_ruin_wall,
          hangedman_swamp_ruin_hall, evilmike_swamp_ruin_house_6,
          infiniplex_staircase_pool_2
Swamp:3:  evilmike_swamp_ruin_house_4, swamp_pool1
Swamp:4:  swamp_alternative
Spider:1: nicolae_spider_mines_1, einodemon_crawler_minivault, uniq_josephine
Spider:4: floodkiller_spider_rune_tomb, special_room
Orc:2:    st_orc_ogre_mass, serial_shops, nicolae_shop_trees, shop,
          nicolae_shop_crystal
Vaults:1: v_misc_8, kb_rosetta, v_misc_2, grunt_vaults_focal,
          ontoclasm_vaults_chip, v_alt_pattern_6, ontoclasm_vaults_tryst,
          nicolae_vaults_specimen_jars, nicolae_vaults_theta
Vaults:2: nicolae_vaults_back_hallway, hangedman_vaults_trim,
          nicolae_vaults_rhombus_7, vaults_room_pool, vaults_mumra_chevron_long,
          v_misc_24, nicolae_vaults_ring_of_whatevers,
          nicolae_vaults_yaktaur_gun_rack, ontoclasm_vaults_chip,
          nicolae_vaults_shelves_hall, portal_desolation_entry_nicolae_slug,
          uniq_mennas
Bailey:   bailey_axe_of_yendor_kennysheep, bailey
Gauntlet: minmay_gauntlet_77_tree

Skill      XL: |  1  2  3  4  5  6  7  8  9 10 11 12 13 14 15 16 17 18 19 |
---------------+----------------------------------------------------------+-----
Unarmed Combat | 4 5 6 7 8 10 12 13 14 15 16 17 18 19 20 | 20.0
Fighting       | 3 4 5 6 7 8 9 10 11 12 | 12.9
Dodging        | 3 4 5 6 7 8 9 10 11 12 | 12.9
Shields        | 1 3 5 6 7 8 9 10 11 | 11.0
Armour         | 2 4 5 7 8 9 10 | 10.7
Invocations    | 2 5 6 8 |  8.4
Stealth        | |  1.0

Action                   |  1- 3 |  4- 6 |  7- 9 | 10-12 | 13-15 | 16-18 | 19-21 || total
-------------------------+-------+-------+-------+-------+-------+-------+-------++-------
Melee: Unarmed           |    87 |   105 |   212 |   660 |  1095 |  1559 |   199 ||  3917
       Punch             |       |       |    11 |     2 |       |       |       ||    13
Invok: Upheaval          |       |       |       |       |       |     1 |       ||     1
       Elemental Force   |       |       |       |       |       |     1 |       ||     1
       Disaster Area     |       |       |       |       |       |       |     1 ||     1
  Use: Potion            |       |     4 |     1 |     1 |       |     6 |     2 ||    14
       Scroll            |       |       |    13 |    15 |    10 |     7 |     3 ||    48
 Stab: Sleeping          |     1 |     1 |       |       |       |       |       ||     2
       Invisible         |       |     1 |       |       |       |       |       ||     1
       Paralysed         |       |     1 |       |       |       |       |       ||     1
       Confused          |       |       |       |       |       |     2 |       ||     2
       Distracted        |       |       |       |       |       |     1 |       ||     1
  Eat: Chunk             |    14 |     9 |    20 |    57 |    72 |   108 |     6 ||   286
Armor: Robe              |    24 |    27 |    52 |    26 |       |       |       ||   129
       Skin              |       |    39 |       |       |       |       |       ||    39
       Gold dragon scale |       |       |       |   127 |   382 |  1772 |    93 ||  2374
Dodge: Dodged            |    47 |    35 |    80 |    74 |    99 |   456 |    24 ||   815
       Deflected         |       |       |       |    10 |     3 |     4 |       ||    17
Block: Other             |     2 |    17 |    50 |    41 |       |       |       ||   110
       Reflection        |       |       |     1 |    59 |    29 |    25 |    17 ||   131
       Large shield      |       |       |       |   767 |  1630 |  4195 |   343 ||  6935

Table legend:
 A = Non-vault XP
 B = Vault XP
 C = Vault XP percentage of total XP
 D = Non-vault monster count
 E = Vault monster count
 F = Vault count percentage of total count
                 A         B        C        D         E       F
            +---------+---------+-------+---------+---------+-------
      Total |  253639 |  152637 |  37.6 |     965 |     337 |  25.9
            +---------+---------+-------+---------+---------+-------
        D:1 |      46 |       0 |   0.0 |      22 |       0 |   0.0
        D:2 |      54 |       0 |   0.0 |      15 |       0 |   0.0
        D:3 |      33 |      44 |  57.1 |      11 |       4 |  26.7
        D:4 |     620 |      35 |   5.3 |      35 |       1 |   2.8
        D:5 |     984 |       0 |   0.0 |      30 |       0 |   0.0
        D:6 |     862 |     254 |  22.8 |      23 |       1 |   4.2
        D:7 |    1041 |     365 |  26.0 |      24 |       3 |  11.1
        D:8 |    1182 |    3655 |  75.6 |      22 |      11 |  33.3
        D:9 |    2356 |       0 |   0.0 |      29 |       0 |   0.0
       D:10 |    3579 |     980 |  21.5 |      24 |       1 |   4.0
       D:11 |    7335 |       0 |   0.0 |      44 |       0 |   0.0
       D:12 |    4182 |    1511 |  26.5 |      19 |       2 |   9.5
       D:13 |    5268 |     992 |  15.8 |      27 |       5 |  15.6
       D:14 |    7334 |    7978 |  52.1 |      25 |       8 |  24.2
       D:15 |   13449 |    6983 |  34.2 |      39 |      11 |  22.0
     Lair:1 |    1423 |    2861 |  66.8 |       9 |       3 |  25.0
     Lair:2 |    4141 |     907 |  18.0 |      20 |       1 |   4.8
     Lair:3 |    2424 |     483 |  16.6 |       9 |       3 |  25.0
     Lair:4 |    9423 |    5079 |  35.0 |      30 |      10 |  25.0
     Lair:5 |   10411 |     425 |   3.9 |      28 |       1 |   3.4
     Lair:6 |    6453 |   16516 |  71.9 |      29 |      36 |  55.4
    Swamp:1 |   14825 |       0 |   0.0 |      31 |       0 |   0.0
    Swamp:2 |   11826 |       0 |   0.0 |      34 |       0 |   0.0
    Swamp:3 |   21860 |    4632 |  17.5 |      45 |       6 |  11.8
    Swamp:4 |    8630 |   11709 |  57.6 |      19 |      20 |  51.3
   Spider:1 |   18981 |    4038 |  17.5 |      58 |      11 |  15.9
   Spider:2 |   14905 |       0 |   0.0 |      38 |       0 |   0.0
   Spider:3 |   29022 |    2136 |   6.9 |      72 |       3 |   4.0
   Spider:4 |   11383 |   36020 |  76.0 |      40 |      80 |  66.7
      Orc:1 |    4681 |   11233 |  70.6 |      45 |      22 |  32.8
      Orc:2 |    2211 |    6856 |  75.6 |      13 |      17 |  56.7
   Vaults:1 |   14465 |   15796 |  52.2 |      23 |      18 |  43.9
   Vaults:2 |   18250 |    1496 |   7.6 |      33 |       4 |  10.8
     Bailey |       0 |    3066 | 100.0 |       0 |      42 | 100.0
 Desolation |       0 |    2928 | 100.0 |       0 |       5 | 100.0
   Gauntlet |       0 |    3659 | 100.0 |       0 |       8 | 100.0
            +---------+---------+-------+---------+---------+-------
